Map: Ascension to Aiur LE

Players

DeMusliM - Winner!

  • Race: Terran Terran
  • League: Grandmaster
  • Spawn Location: 5:00

NightEnD

  • Race: Protoss Protoss
  • League: Grandmaster
  • Spawn Location: 11:00

Event: WESG Barcelona European Finals 2017

VOD

Have the link to the VOD?

Description

Time

  • Played on: Nov. 25, 2017, 5:31 a.m.
  • Length: 7:49

All games in this series

Show
View Real Time Build Order
Export as new Build Order

DeMusliM Terran - Winner!

Build Orders: Reaper Expand 

Get SALT Encoding   

  12  0:00  SCV  
  13  0:13  SCV  
  14  0:18  Supply Depot  
  14  0:25  SCV  
  15  0:39  SCV  
  15  0:41  Barracks  
  16  0:45  Refinery  
  16  0:51  SCV  
  17  1:04  SCV  
  18  1:16  SCV  
  19  1:29  Reaper, Orbital Command  
  20  1:42  Command Center  
  20  1:55  SCV  
  21  2:01  Engineering Bay  
  21  2:03  Barracks Reactor  
  21  2:07  SCV  
  22  2:10  Supply Depot  
  22  2:20  SCV  
  23  2:24  Factory  
  23  2:33  SCV  
  23  2:35  Missile Turret  
  24  2:40  Marine x2  
  26  2:45  SCV  
  27  2:54  Orbital Command  
  27  2:58  Bunker  
  27  2:59  SCV  
  27  3:03  Marine x2  
  30  3:11  Cyclone  
  33  3:16  SCV  
  34  3:28  SCV  
  34  3:30  Marine  
  34  3:31  Marine  
  34  3:34  SCV  
  36  3:40  SCV  
  37  3:43  Missile Turret  
  37  3:45  Cyclone  
  37  3:46  SCV  
  41  3:51  Marine x2  
  41  3:54  Supply Depot  
  41  3:55  SCV  
  44  3:58  SCV  
  44  3:59  Refinery  
  45  4:08  Bunker  
  43  4:10  SCV x2  
  43  4:14  Marine x2  
  46  4:20  Factory Tech Lab  
  46  4:22  SCV x2  
  48  4:27  Barracks  
  48  4:34  SCV  
  48  4:37  Bunker  
  49  4:39  Siege Tank  
  49  4:40  Marine x2  
  54  4:49  Terran Infantry Weapons Level 1  
  54  4:50  Supply Depot  
  54  5:12  SCV x2, Marine x2  
  56  5:14  Supply Depot  
  52  5:24  SCV x2  
  50  5:29  Barracks Tech Lab, Marine  
  50  5:31  Barracks  
  50  5:32  Starport  
  51  5:36  SCV x2, Marine  
  51  5:41  Siege Tank  
  57  5:48  SCV x2  
  57  5:49  Bunker  
  59  5:52  Marine x2  
  61  6:00  SCV x2, Marine  
  63  6:11  Marine x2  
  63  6:12  SCV x2  
  63  6:14  Siege Tank  
  70  6:24  Marine x2  
  70  6:25  SCV x2  
  74  6:29  Marine  
  75  6:33  Supply Depot  
  75  6:37  SCV x2  
  77  6:40  Viking  
  79  6:54  Marine x4  
  79  6:55  SCV x2  
  79  6:57  Supply Depot  
  79  6:58  Supply Depot  
  85  7:02  Refinery  
  85  7:12  Marine  
  85  7:14  Marine  
  83  7:17  Marine x2  
  75  7:26  SCV x2  
  79  7:30  Marine  
Show
View Real Time Build Order
Export as new Build Order

NightEnD Protoss 

Build Orders: Oracle Opening 

Get SALT Encoding   

  12  0:00  Probe  
  13  0:13  Probe  
  14  0:17  Pylon  
  14  0:25  Probe  
  15  0:36  Gateway  
  15  0:39  Probe (Chrono Boost)  
  16  0:48  Assimilator  
  16  0:49  Probe (Chrono Boost)  
  17  0:53  Probe  
  18  1:05  Probe  
  18  1:10  Assimilator  
  19  1:17  Probe  
  20  1:23  Cybernetics Core  
  20  1:36  Probe  
  21  1:47  Pylon  
  21  1:48  Probe, Pylon  
  22  2:05  Stargate, Stalker (Chrono Boost)  
  24  2:24  Warp Gate  
  24  2:27  Probe  
  25  2:33  Stalker  
  27  2:39  Probe  
  28  2:44  Pylon  
  28  2:47  Oracle (Chrono Boost)  
  31  2:56  Pylon  
  31  3:13  Oracle (Chrono Boost)  
  34  3:20  Gateway  
  34  3:23  Gateway  
  34  3:39  Gateway  
  34  3:41  Stalker  
  36  3:50  Pylon  
  36  4:21  Void Ray (Chrono Boost)  
  40  4:27  Stalker x3  
  46  4:35  Stalker  
  48  4:52  Zealot x3  
  54  5:00  Zealot  
  40  5:32  Probe  
  41  5:40  Void Ray (Chrono Boost)  
  45  5:43  Adept x3  
  52  5:56  Pylon  
  51  6:12  Void Ray (Chrono Boost)  
  55  6:25  Adept x2  
  55  6:26  Adept x2  
  63  6:57  Adept x4  
  47  7:25  Adept x3  
  47  7:26  Adept  
Tags
 
Add a new tag
Caveats
  • Supply blocks, unpowered buildings, or Contaminate may cause inaccurate times.
  • Supply counts are checked every 10 seconds.